 Dungeon Crawl Stone Soup version 0.21.1-1-g345015fe64 (webtiles) character file.

24 Gargoyl the Skirmisher (level 2, 0/28 HPs)
             Began as a Centaur Abyssal Knight on Apr 10, 2018.
             Was a Follower of Lugonu.
             Succumbed to an adder's poison
             ... on level 2 of the Dungeon.
             The game lasted 00:02:17 (1176 turns).

Gargoyl the Skirmisher (Centaur Abyssal Knight)     Turns: 1176, Time: 00:02:18

Health: 0/28       AC:  4    Str: 14    XL:     2   Next: 79%
Magic:  3/3        EV: 14    Int: 16    God:    Lugonu [*.....]
Gold:   98         SH:  0    Dex: 13    Spells: 1/1 levels left

rFire    . . .     SeeInvis .   d - +4 hand axe
rCold    + . .     Gourm    .   (no shield)
rNeg     . . .     Faith    .   b - +0 leather armour
rPois    .         Spirit   .   (no helmet)
rElec    .         Reflect  .   (no cloak)
rCorr    .         Harm     .   (no gloves)
MR       .....                  (no barding)
Stlth    ++........             (no amulet)
HPRegen  0.09/turn              (no ring)
MPRegen  0.08/turn              (no ring)

@: brilliant, agile, lethally poisoned (0 -> -4), very quick
A: large, hooves 3, blurry vision 1, cold resistance 1, deformed body, speed 2,
sense surroundings 1, robust 1, tough skin 3, subdued magic 1
a: Depart the Abyss, Renounce Religion


You were on level 2 of the Dungeon.
You worshipped Lugonu.
Lugonu was aware of your devotion.
You were not hungry.

You visited 1 branch of the dungeon, and saw 2 of its levels.
You visited the Abyss 1 time.

You collected 98 gold pieces.

Inventory:

Hand Weapons
 a - a +1 hand axe
 d - a +4 hand axe (weapon)
Armour
 b - a +0 leather armour (worn)
Jewellery
 g - a cursed amulet of inaccuracy {unknown}
Wands
 f - a wand of disintegration (14)
Potions
 h - a potion of agility
Comestibles
 c - 2 rations


   Skills:
 + Level 3.4 Fighting
 + Level 2.0 Axes
 * Level 1.9 Armour
 + Level 0.6 Dodging
 * Level 2.2 Invocations


You had one spell level left.
You didn't know any spells.

Dungeon Overview and Level Annotations

Branches:
Dungeon (2/15)

Altars:
Fedhas
Kikubaaqudgha


Innate Abilities, Weirdness & Mutations

You have hooves in place of feet.
Armour fits poorly on your strangely shaped body.
You cover ground very quickly.
You have extremely tough skin. (AC +3)
Scrolls take you a little longer to read.
Your flesh is cold resistant. (rC+)
You passively map a small area around you.
You are robust. (+10% HP)
Your spells are a little easier to cast, but a little less powerful.


Message History

You see here a leopard gecko corpse.
* * * LOW HITPOINT WARNING * * *
You feel sick.
A bat comes into view.
* * * LOW HITPOINT WARNING * * *
You feel sick. The bat misses you. The bat barely misses you.
You barely miss the bat.
* * * LOW HITPOINT WARNING * * *
You feel sick. The bat barely misses you. x2
You barely miss the bat.
* * * LOW HITPOINT WARNING * * *
You feel sick. The bat misses you.
* * * LOW HITPOINT WARNING * * *
You feel sick.
You slash the bat!
You kill the bat!
Lugonu accepts your kill.
You die...

........).†......#
#####.....†......#
##....#...#......#
.....##..P#......###
.#...#P..##........#
,#...#._P#.#####...#
,#...#...#. #...#
#...#####. #...# ..
#@..# ., #...# ,
#...# , , * #...# *
* ..... ** *, ......
, , , ....... ,
###.....# *


There were no monsters in sight!

Vanquished Creatures
  An adder (D:2)
  A leopard gecko (D:2)
  A bat (D:2)
  5 hobgoblins
  2 kobolds (D:1)
  4 rats (D:1)
14 creatures vanquished.

Vanquished Creatures (others)
  A lurking horror (Abyss:1)
1 creature vanquished.

Grand Total: 15 creatures vanquished

Notes
Turn   | Place    | Note
-------+----------+-------------------------------------------
     0 | Abyss:1  | Gargoyl the Centaur Abyssal Knight began the quest for the Orb.
     0 | Abyss:1  | Reached XP level 1. HP: 19/19 MP: 2/2
    25 | Abyss:1  | Noticed a ynoxinul
    28 | Abyss:1  | Noticed a large abomination
    39 | Abyss:1  | Noticed a quasit
    49 | Abyss:2  | Found a corrupted altar of Lugonu.
    80 | Abyss:2  | Found a corrupted altar of Lugonu.
    85 | Abyss:2  | Gained mutation: You passively map a small area around you. [potion of mutation]
    85 | Abyss:2  | Gained mutation: You are agile. (Dex +2) [potion of mutation]
    85 | Abyss:2  | Gained mutation: Your mind is acute. (Int +2) [potion of mutation]
    86 | Abyss:2  | Lost mutation: You are agile. (Dex +2) [potion of mutation]
    86 | Abyss:2  | Lost mutation: Your mind is acute. (Int +2) [potion of mutation]
    86 | Abyss:2  | Gained mutation: Your flesh is cold resistant. (rC+) [potion of mutation]
    86 | Abyss:2  | Gained mutation: Your spells are a little easier to cast, but a little less powerful. [potion of mutation]
    86 | Abyss:2  | Gained mutation: Scrolls take you a little longer to read. [potion of mutation]
    86 | Abyss:2  | Gained mutation: You are robust. (+10% HP) [potion of mutation]
   133 | Abyss:3  | Found an opulent altar of Gozag.
   181 | Abyss:3  | Noticed a large abomination
   182 | D:1      | Escaped the Abyss
   399 | D:1      | Reached * piety under Lugonu
   579 | D:1      | Reached XP level 2. HP: 27/28 MP: 3/3
  1146 | D:2      | Found a blossoming altar of Fedhas.
  1147 | D:2      | Found an ancient bone altar of Kikubaaqudgha.
  1173 | D:2      | HP: 1/28 [poisoned by an adder]
  1176 | D:2      | Succumbed to an adder's poison

Skill      XL: |  1  2 |
---------------+-------+-----
Axes           | 2 |  2.0
Fighting       | |  3.4
Armour         | |  1.9
Dodging        | |  0.6
Invocations    | |  2.2

Action                   || total
-------------------------++-------
Melee: Hand axe          ||    32
       Kick              ||     4
Invok: Depart the Abyss  ||     1
  Use: Potion            ||     6
       Scroll            ||     4
Armor: Leather armour    ||     6
Dodge: Dodged            ||    15
